 Dungeon Crawl Stone Soup version 0.30-a0-883-g5ad918d77d (webtiles) character file.

Game seed: 16603639739149532997

4 112233 the Conjurer (level 1, -1/11 (14) HPs)
             Began as an Octopode Reaver on Mar 15, 2023.
             Was a Follower of Makhleb.
             Slain by an endoplasm (2 damage)
             ... on level 1 of the Dungeon.
             The game lasted 00:00:17 (133 turns).

112233 the Conjurer (Octopode Reaver)                Turns: 133, Time: 00:00:17

HP:   -1/11 (14)    AC:  1    Str: 11    XL:     1   Next: 60%
MP:   2/3           EV: 13    Int: 15    God:    Makhleb [*.....]
Gold: 7             SH:  0    Dex: 10    Spells: 3/4 levels left

rFire   . . .      SeeInvis .      - Unarmed
rCold   . . .      Faith    .    (no shield)
rNeg    . . .      Spirit   .    (helmet restricted)
rPois   .          Reflect  .    (no amulet)
rElec   .          Rampage  .    (no ring)
rCorr   .                        (no ring)
Will    .....                    (no ring)
Stlth   ++                       (no ring)
HPRegen 0.21/turn                (no ring)
MPRegen 0.08/turn                (no ring)
                                 (no ring)
                                 (no ring)

@: heavily drained
A: almost no armour, amphibious, 8 rings, camouflage 1, gelatinous body 1,
(nimble swimmer 1), tentacles
a: Renounce Religion


You were on level 1 of the Dungeon.
You worshipped Makhleb.
Makhleb was aware of your devotion.
You visited 1 branch of the dungeon, and saw 1 of its levels.

You collected 7 gold pieces.

Inventory:

Scrolls
 a - a scroll of fear {unknown}


   Skills:
 + Level 2.0 Fighting
 + Level 2.0 Dodging
 + Level 3.0 Unarmed Combat
 + Level 2.0 Spellcasting
 + Level 3.0 Conjurations


You had 3 spell levels left.
You knew the following spells:

 Your Spells              Type           Power      Damage    Failure   Level
a - Kiss of Death         Conj/Necr      24%        2d7       12%         1

Your spell library contained the following spells:

 Spells                   Type           Power      Damage    Failure   Level
 Momentum Strike          Conj/Tloc      12%        3d8       19%         2
 Hailstorm                Conj/Ice       6%         3d4       34%         3


Dungeon Overview and Level Annotations

Branches:
Dungeon (1/15)

Altars:
Makhleb


Innate Abilities, Weirdness & Mutations

You cannot wear most types of armour.
You are amphibious.
You can wear up to eight rings at the same time.
Your skin changes colour to match your surroundings (Stealth+).
Your rubbery body absorbs attacks. (AC +1, EV +1)
((You are camouflaged when in or above water. (Stealth+)))
You have tentacles for arms and can constrict up to eight enemies at once.


Message History

The jackal bites the plant.
The endoplasm hits the plant.
The plant begins to die.
The jackal bites the plant.
The jackal bites the plant.
The endoplasm hits the fungus.
The fungus begins to die.
The jackal bites the plant.
The endoplasm hits the plant.
No reachable target in view!
No reachable target in view!
No reachable target in view!
A nearby plant withers and dies.
The endoplasm hits the fungus.
A nearby fungus withers and dies.
The jackal bites you.
A nearby plant withers and dies.
The jackal bites you. The jackal closely misses you.
A jackal comes into view.
The endoplasm closely misses you. The jackal bites you. The jackal bites you.
The jackal bites you but does no damage.
The jackal bites you.
* * * LOW HITPOINT WARNING * * *
The endoplasm completely misses you.
You are too injured to fight recklessly!
The jackal bites you.
* * * LOW HITPOINT WARNING * * *
The jackal barely misses you. The endoplasm barely misses you.
You are too injured to fight recklessly!
You are too injured to fight recklessly!
Unknown command.
You aren't carrying any potions.
Unknown command.
Casting: Kiss of Death (safe; 12% risk of failure)
Confirm with . or Enter, or press ? or * to list all spells.
Aiming: Kiss of Death (safe; 12% risk of failure)
Press: ? - help, Shift-Dir - straight line, f - jackal
Aim: a jackal (100% to hit)
The negative energy hits the jackal!
The jackal is drained!
You kill the jackal!
Makhleb accepts your kill.
You feel drained. The jackal bites you.
* * * LOW HITPOINT WARNING * * *
The endoplasm hits you.
You die...

.. #. ... ## h.# ## ##
#.#########.. ...
#?###.PPP#....###....
## #..P.P..#P.P†h..#
#.##.....P.#..P@J.P###
#PPPPPPP..#.PP.P....#
#.PPP.P..._...P.....#
#.P...P†P.#?..PP.P.P#
.##....PP.#PP.PP..##.#
#P..P.P.#PPPP...# .
....###....#P..P###..
#+#####.#########..
... #.
#...........##.. ..


You could see an endoplasm and 2 jackals.

Vanquished Creatures
  An endoplasm (D:1)
  A hobgoblin (D:1)
  A jackal (D:1)
  2 bats (D:1)
5 creatures vanquished.

Vanquished Creatures (others)
  A fungus (D:1)
  2 plants (D:1)
3 creatures vanquished.

Grand Total: 8 creatures vanquished

Notes
Turn   | Place    | Note
-------+----------+-------------------------------------------
     0 | D:1      | 112233 the Octopode Reaver began the quest for the Orb.
     0 | D:1      | Reached XP level 1. HP: 14/14 MP: 3/3
    54 | D:1      | Found a faded altar of an unknown god.
    69 | D:1      | Prayed at the altar of an unknown god.
    69 | D:1      | Became a worshipper of Makhleb the Destroyer
    69 | D:1      | Reached * piety under Makhleb
   133 | D:1      | Slain by an endoplasm

Illustrated notes

Levels and vault maps discovered:
D:1:      ebering_hopf_link, layout_basic, shapermc_ecumenical_altar_gd,
          chequers_serial_rivers_micro_e

Action                     || total
---------------------------++-------
  Melee: Unarmed           ||    11
         Constrict         ||     1
         Tentacles         ||     1
   Cast: Kiss of Death     ||     1
   Stab: Sleeping          ||     1
 Armour: Skin              ||     1
  Dodge: Dodged            ||     8

Table legend: (Time is in decaauts)
 A = Elapsed time spent in this place.
 B = Non-inter-level travel time spent in this place.
 C = Inter-level travel time spent in this place.
 D = Time resting spent in this place.
 E = Time spent auto-exploring this place.
 F = Levels seen in this place.
 G = Mean time per level.
                   A        B        C        D        E       F      G
               +--------+--------+--------+--------+--------+-----+--------+
         Total |    132 |    132 |      0 |      0 |     91 |   1 |  132.0 |
       Dungeon |    132 |    132 |      0 |      0 |     91 |   1 |  132.0 |
               +--------+--------+--------+--------+--------+-----+--------+

Top non-repeatable levels by time:
     D:1: 132 daAuts
